 Dungeon Crawl Stone Soup version 0.30.0-29-ga12c61a403 (webtiles) character file.

Game seed: 2257754661616632819

42 booth the Conjurer (level 3, -2/28 HPs)
             Began as a Demonspawn Reaver on June 16, 2023.
             Slain by Sigmund
             ... wielding a +0 scythe
              (9 damage)
             ... on level 2 of the Dungeon.
             The game lasted 00:09:34 (1588 turns).

booth the Conjurer (Demonspawn Reaver)              Turns: 1588, Time: 00:09:34

Health: -2/28      AC:  5    Str: 14    XL:     3   Next: 35%
Magic:  3/6        EV: 11    Int: 14    God:
Gold:   49         SH:  0    Dex: 11    Spells: 0/6 levels left

rFire   . . .        a - +0 hand axe
rCold   . . .        (no shield)
rNeg    . . .        b - +0 leather armour
rPois   .            (no helmet)
rElec   .            (no cloak)
rCorr   .            (no gloves)
SInv    +            (no boots)
Will    .....        (no amulet)
Stlth   +            g - ring of see invisible
HPRegen 0.24/turn    (no ring)
MPRegen 0.10/turn

%: no passive effects
@: immotile
A: yellow scales 1, spiny 1
a: no special abilities


You were on level 2 of the Dungeon.
You visited 1 branch of the dungeon, and saw 2 of its levels.

You collected 49 gold pieces.

Inventory:

Hand Weapons
 a - a +0 hand axe (weapon)
 d - a +0 mace
Armour
 b - a +0 leather armour (worn)
Jewellery
 g - a ring of see invisible (left hand)
Scrolls
 e - a scroll of enchant armour {unknown}
 h - a scroll of poison {unknown}
 i - a scroll of vulnerability {unknown}
Potions
 c - a potion of attraction {unknown}
 f - 2 potions of curing {unknown}


   Skills:
 + Level 2.4 Fighting
 + Level 2.9 Axes
 + Level 2.1 Dodging
 + Level 2.3 Spellcasting
 + Level 3.2 Conjurations
 + Level 0.1 Necromancy
 + Level 0.0 Translocations
 + Level 0.3 Ice Magic


You couldn't memorise any spells.
You knew the following spells:

 Your Spells              Type           Power      Damage    Failure   Level
a - Kiss of Death         Conj/Necr      24%        2d7       14%         1
b - Momentum Strike       Conj/Tloc      12%        3d8       22%         2
c - Hailstorm             Conj/Ice       6%         3d4       38%         3

Your spell library contained the following spells:

 Spells                   Type           Power      Damage    Failure   Level
 Portal Projectile        Hex/Tloc       2%         N/A       65%         3
 Tukima's Dance           Hex            1%         N/A       65%         3
 Blade Hands              Tmut           0%         N/A       100%        5


Dungeon Overview and Level Annotations

Branches:
Dungeon (2/15)

Altars:

Annotations:
D:2 Sigmund


Innate Abilities, Weirdness & Mutations

You are partially covered in yellow scales. (AC +2)
You are partially covered in sharp spines.


Message History

Sigmund hits you with a +0 scythe!
You closely miss Sigmund.
Sigmund is lightly wounded.
Cast which spell? (? or * to list)
Aiming: Kiss of Death (safe; 14% risk of failure)
Press: ? - help, Shift-Dir - straight line, f - Sigmund
Aim: Sigmund, wielding a +0 scythe and wearing a +0 robe (lightly wounded, slightly transparent, 100% to hit)
You miscast Kiss of Death.
You are very lightly contaminated with residual magic.
Nothing appears to happen.
Sigmund closely misses you.
You closely miss Sigmund.
Sigmund is lightly wounded.
Sigmund hits you but does no damage.
You hit Sigmund.
Sigmund is moderately wounded.
You barely miss Sigmund.
Sigmund is moderately wounded.
Sigmund is struck by your spines. Sigmund hits you with a +0 scythe.
You hit Sigmund.
Sigmund is heavily wounded.
Sigmund is struck by your spines. Sigmund hits you with a +0 scythe!
* * * LOW HITPOINT WARNING * * *
You closely miss Sigmund.
Sigmund is heavily wounded.
Sigmund is struck by your spines. Sigmund hits you with a +0 scythe.
* * * LOW HITPOINT WARNING * * *
Casting: Kiss of Death (safe; 14% risk of failure)
Confirm with . or Enter, or press ? or * to list all spells.
Aiming: Momentum Strike (safe; 22% risk of failure)
Press: ? - help, Dir - move target, f/p - Sigmund
Aim: Sigmund, wielding a +0 scythe and wearing a +0 robe (severely wounded, slightly transparent, 64% to hit)
The concentrated momentum hits Sigmund.
Sigmund is severely wounded.
You are unable to move.
Your magical contamination has completely faded away.
You hit Sigmund but do no damage.
Sigmund is severely wounded.
Sigmund flickers, as though insubstantial.
Sigmund hits you with a +0 scythe!
You die...

.......#..... ............
#...... ..........#
#...... ..........# #..#.#
###.......# ####.... #
#.......+ #.....###.#.
#.......# #.#.........
#.......#######.........>.
#..^....'†....@@......#
#.......#########.........
#.......# ###.......
#.......# .#.....
#.......# .#.....
#.......# .. ....
######### #. ..! .. .##


You could see Sigmund (invisible).

Vanquished Creatures
  A dart slug (D:2)
  3 bats (D:1)
  2 endoplasms (D:1)
  5 giant cockroaches
  6 goblins
  4 hobgoblins (D:1)
  5 kobolds
  A quokka (D:2)
  5 ball pythons
  A frilled lizard (D:1)
33 creatures vanquished.

Notes
Turn   | Place    | Note
-------+----------+-------------------------------------------
     0 | D:1      | booth the Demonspawn Reaver began the quest for the Orb.
     0 | D:1      | Reached XP level 1. HP: 16/16 MP: 3/3
   272 | D:1      | Gained mutation: You are partially covered in yellow
                  | scales. (AC +2) [demonic ancestry]
   272 | D:1      | Reached XP level 2. HP: 22/22 MP: 5/5
   275 | D:1      | Learned a level 2 spell: Momentum Strike
  1412 | D:1      | Gained mutation: You are partially covered in sharp spines.
                  | [demonic ancestry]
  1412 | D:1      | Reached XP level 3. HP: 26/28 MP: 6/6
  1420 | D:1      | Learned a level 3 spell: Hailstorm
  1567 | D:2      | Noticed Sigmund
  1588 | D:2      | Slain by Sigmund

Illustrated notes

Levels and vault maps discovered:
D:1:      saegor_arrival_simple_d, layout_basic
D:2:      layout_basic, shapermc_ecumenical_altar_notcrosses, uniq_sigmund

Skill      XL: |  1  2 |
---------------+-------+-----
Dodging        | 2 |  2.1
Fighting       | |  2.4
Axes           | |  2.9
Spellcasting   | |  2.3
Conjurations   | |  3.2
Necromancy     | |  0.1
Ice Magic      | |  0.3

Action                     || total
---------------------------++-------
  Melee: Hand axe          ||   106
         Punch             ||     2
   Cast: Momentum Strike   ||     1
 Armour: Leather armour    ||    35
  Dodge: Dodged            ||    54
